 Dungeon Crawl Stone Soup version 0.22-a0-392-g5dc3fd9 (webtiles) character file.

192 Monsterracer the Conjurer (level 5, -1/45 HPs)
             Began as an Ogre Wizard on Apr 29, 2018.
             Was a Follower of Zin.
             Slain by Grinder (5 damage)
             ... on level 4 of the Dungeon on May 2, 2018.
             The game lasted 00:09:57 (5104 turns).

Monsterracer the Conjurer (Ogre Wizard)             Turns: 5104, Time: 00:09:58

Health: -1/45      AC: 10    Str: 11    XL:     5   Next: 71%
Magic:  1/10       EV:  9    Int: 20    God:    Zin [*.....]
Gold:   177        SH:  0    Dex:  7    Spells: 2/11 levels left

rFire    . . .     SeeInvis .   a - +2 short sword (protect)
rCold    . . .     Gourm    .   (no shield)
rNeg     . . .     Faith    .   d - +0 robe
rPois    .         Spirit   .   k - +0 hat
rElec    .         Reflect  .   (no cloak)
rCorr    .         Harm     .   (gloves unavailable)
MR       .....                  (boots unavailable)
Stlth    +.........             l - amulet of inaccuracy (curse)
HPRegen  0.15/turn              (no ring)
MPRegen  0.12/turn              (no ring)

@: protection aura, drained
A: large, unfitting armour, tough skin 1
a: Recite, Donate Gold, Renounce Religion


You were on level 4 of the Dungeon.
You worshipped Zin.
Zin was aware of your devotion.
You were not hungry.

You visited 1 branch of the dungeon, and saw 4 of its levels.

You collected 196 gold pieces.
You donated 19 gold pieces to Zin.

Inventory:

Hand Weapons
 a - a +2 short sword of protection (weapon)
 b - a +0 flail
Armour
 d - a +0 robe (worn)
 i - the +1 shield "Bawuoq Viary" {rPois Regen+ rCorr}
   (Xom gifted it to you on level 3 of the Dungeon)

   It protects you from poison.
   It increases your rate of regeneration.
   It protects you from acid and corrosion.
 k - a +0 hat (worn)
Jewellery
 l - a cursed amulet of inaccuracy (around neck)
Scrolls
 h - a scroll of teleportation
Potions
 e - a potion of berserk rage {!q}
 g - a potion of magic
 j - a potion of brilliance
 m - a potion of heal wounds
Comestibles
 c - 5 rations


   Skills:
 - Level 1.7(1.6) Dodging
 - Level 1.4(1.2) Stealth
 - Level 3.6(3.4) Spellcasting
 + Level 4.9(4.7) Conjurations
   Level 0.8(0.6) Summonings
 - Level 0.8(0.6) Translocations


You had 2 spell levels left.
You knew the following spells:

 Your Spells              Type           Power        Failure   Level  Hunger
a - Magic Dart            Conj           ###.         1%          1    None
b - Conjure Flame         Conj/Fire      ##......     16%         3    ###....
c - Mephitic Cloud        Conj/Pois/Air  #.......     22%         3    ###....
e - Blink                 Tloc           N/A          16%         2    ##.....


Dungeon Overview and Level Annotations

Branches:
Dungeon (4/15)
 Temple: D:4-7

Altars:
Ashenzari
Elyvilon
Gozag
Ru
Xom
Zin

Annotations:
D:3 PeterLawrence's ghost, amateur GrFi
D:4 Grinder


Innate Abilities, Weirdness & Mutations

You are too large for most types of armour.
You have tough skin. (AC +1)


Message History

The magic dart hits Grinder.
Grinder is heavily wounded.
You now have 1/10 mp.
Casting: Magic Dart (safe; 1% risk of failure)
Confirm with . or Enter, or press ? or * to list all spells.
Aiming: Magic Dart (safe; 1% risk of failure)
Press: ? - help, Shift-Dir - straight line, f/p - Grinder
Aim: Grinder (heavily wounded)
The magic dart hits Grinder.
Grinder is heavily wounded. "Over there now!"
Grinder blinks!
You now have 0/10 mp.
Casting: Magic Dart (safe; 1% risk of failure)
Confirm with . or Enter, or press ? or * to list all spells.
You don't have enough magic to cast that spell.
Unknown command.
You hit Grinder.
Your weapon exudes an aura of protection.
Grinder is severely wounded.
Grinder closely misses you.
You hit Grinder but do no damage.
Grinder is severely wounded.
Grinder hits you but does no damage.
You closely miss Grinder.
Grinder is severely wounded.
Grinder hits you.
You writhe in agony.
You take 5 damage, and have 40/45 hp.
You barely miss Grinder.
Grinder is severely wounded.
Grinder closely misses you.
You barely miss Grinder.
Grinder is severely wounded.
Grinder barely misses you.
You barely miss Grinder.
Grinder is severely wounded.
Grinder gestures at you. You resist with significant effort.
Grinder closely misses you.
Casting: Magic Dart (safe; 1% risk of failure)
Confirm with . or Enter, or press ? or * to list all spells.
Aiming: Magic Dart (safe; 1% risk of failure)
Press: ? - help, Shift-Dir - straight line, f/p - Grinder
Aim: Grinder (severely wounded)
The magic dart hits Grinder.
Grinder is severely wounded.
Grinder hits you but does no damage.
You now have 0/10 mp.
You barely miss Grinder.
Grinder is severely wounded.
Grinder gestures at you. Pain shoots through your body!
You take 5 damage, and have 35/45 hp.
You barely miss Grinder.
Grinder is severely wounded.
Grinder says, "What is the universe for?"
Grinder hits you but does no damage.
You hit Grinder.
Your weapon exudes an aura of protection.
Grinder is severely wounded.
Grinder gestures at you.
You suddenly lose the ability to move!
Grinder hits you but does no damage. Grinder hits you.
You writhe in agony.
Grinder hits you but does no damage. Grinder hits you.
You writhe in agony.
You can move again.
You take 12 damage, and have 24/45 hp.
MASSIVE DAMAGE!!
Unknown command.
Unknown command.
Casting: Magic Dart (safe; 1% risk of failure)
Confirm with . or Enter, or press ? or * to list all spells.
Aiming: Magic Dart (safe; 1% risk of failure)
Press: ? - help, Shift-Dir - straight line, f/p - Grinder
Aim: Grinder (severely wounded)
The magic dart hits Grinder.
Grinder is almost dead.
Grinder hits you.
* * * LOW HITPOINT WARNING * * *
You writhe in agony.
* * * LOW HITPOINT WARNING * * *
You take 7 damage, and have 17/45 hp.
You now have 0/10 mp.
You hit Grinder but do no damage.
Your weapon exudes an aura of protection.
Grinder is almost dead.
Grinder hits you.
* * * LOW HITPOINT WARNING * * *
You writhe in agony.
* * * LOW HITPOINT WARNING * * *
You take 6 damage, and have 11/45 hp.
You hit Grinder but do no damage.
Grinder is almost dead.
Grinder barely misses you.
Unknown command.
You barely miss Grinder.
Grinder is almost dead.
Grinder hits you!
* * * LOW HITPOINT WARNING * * *
You writhe in agony.
You die...
Xom roars with laughter!

#.#####.......
#.............
#.............
##.............
...............
...............
#....5........
+.....@.......
#.............
.....#+#+#+####
.... ###


You could see Grinder.

Vanquished Creatures
  Terence (D:1)
  Robin (D:2)
  4 adders
  An ooze (D:3)
  A worm (D:2)
  2 dart slugs (D:1)
  3 leopard geckos
  6 orcs (D:3)
  3 giant cockroaches
  10 goblins
  14 hobgoblins
  9 jackals (D:1)
  10 bats
  5 frilled lizards
  14 kobolds
  10 rats
94 creatures vanquished.

Notes
Turn   | Place    | Note
-------+----------+-------------------------------------------
     0 | D:1      | Monsterracer the Ogre Wizard began the quest for the Orb.
     0 | D:1      | Reached XP level 1. HP: 16/16 MP: 5/5
    40 | D:1      | Reached skill level 1 in Conjurations
   168 | D:1      | Reached XP level 2. HP: 23/24 MP: 6/6
   218 | D:1      | Reached skill level 2 in Conjurations
   666 | D:1      | Reached XP level 3. HP: 19/31 MP: 0/8
  1222 | D:1      | Reached skill level 3 in Conjurations
  1706 | D:2      | HP: 11/31 [worm (9)]
  1708 | D:2      | Noticed Terence
  1711 | D:2      | HP: 10/31 [Terence/mace (2)]
  1755 | D:1      | HP: 7/31 [Terence/mace (2)]
  1789 | D:1      | HP: 9/31 [Terence/mace (2)]
  1794 | D:1      | HP: 1/31 [Terence/mace (5)]
  1813 | D:1      | HP: 1/31 [Terence/mace (2)]
  1847 | D:1      | HP: 1/31 [Terence/mace (4)]
  1865 | D:2      | Learned a level 2 spell: Blink
  1869 | D:2      | Learned a level 3 spell: Mephitic Cloud
  1874 | D:2      | Learned a level 3 spell: Conjure Flame
  2188 | D:1      | Killed Terence
  2188 | D:1      | Reached XP level 4. HP: 35/39 MP: 6/9
  2315 | D:2      | Reached skill level 4 in Conjurations
  2339 | D:2      | HP: 19/39 [poisoned by an adder]
  2344 | D:2      | HP: 15/39 [poisoned by an adder]
  2351 | D:2      | HP: 10/39 [poisoned by an adder]
  2359 | D:2      | HP: 9/39 [poisoned by an adder]
  2409 | D:2      | Reached XP level 5. HP: 18/45 MP: 2/10
  2637 | D:2      | Noticed Robin
  2693 | D:2      | HP: 21/45 [leopard gecko (4)]
  2698 | D:2      | HP: 20/45 [leopard gecko (2)]
  2707 | D:2      | HP: 17/45 [hobgoblin[Robin] (3)]
  2991 | D:2      | Killed Robin
  3216 | D:2      | Found a shimmering altar of Xom.
  3276 | D:2      | Became a worshipper of Xom of Chaos
  3564 | D:3      | XOM: harmless Ice miscast
  3602 | D:3      | XOM: god gift: crude shield {god gift}
  3603 | D:3      | Got a crude shield {god gift}
  3609 | D:3      | Identified the +1 shield "Bawuoq Viary" {rPois Regen+ rCorr} (Xom gifted it to you on level 3 of the Dungeon)
  3649 | D:3      | XOM: god gift: 27 sling bullets
  3698 | D:3      | XOM: confusion (+ monsters)
  3719 | D:3      | HP: 18/45 [orc/flail (9)]
  3725 | D:3      | HP: 7/45 [orc/flail (3)]
  3732 | D:3      | HP: 6/45 [orc/club (2)]
  3844 | D:3      | XOM: god gift: runed hand axe {god gift}
  3882 | D:3      | Noticed PeterLawrence's ghost (amateur GrFi)
  3971 | D:3      | XOM: cloud trail
  4033 | D:3      | Found a white marble altar of Elyvilon.
  4203 | D:3      | Found a glowing silver altar of Zin.
  4206 | D:3      | Found a shattered altar of Ashenzari.
  4209 | D:3      | Found a sacrificial altar of Ru.
  4255 | D:3      | Found an opulent altar of Gozag.
  4294 | D:3      | Fell from the grace of Xom
  4294 | D:3      | Became a worshipper of Zin the Law-Giver
  4294 | D:3      | Reached * piety under Zin
  4505 | D:3      | XOM: mild Summ miscast
  4702 | D:3      | HP: 20/45 [PeterLawrence's ghost (4)]
  4825 | D:2      | Upgraded the game from 0.22-a0-388-g09e6169 to 0.22-a0-392-g5dc3fd9
  5071 | D:4      | Noticed Grinder
  5077 | D:4      | Paralysed by Grinder for 4 turns
  5086 | D:4      | XOM: blink monster(s)
  5096 | D:4      | Paralysed by Grinder for 5 turns
  5101 | D:4      | HP: 22/45 [Grinder (2)]
  5104 | D:4      | HP: 4/45 [Grinder (7)]
  5104 | D:4      | Slain by Grinder

Vault maps used:
D:1:      ncdulo_smallfort
D:2:      marbit_many_paths, first_ration, uniq_robin, uniq_terence
D:3:      elyvilon_altar_3, lemuel_crystal_altar, grunt_temple_overflow_diamond
D:4:      tso_altar, nicolae_ossuary_entry_giza, abandoned_shop, uniq_grinder

Skill      XL: |  1  2  3  4 |
---------------+-------------+-----
Conjurations   | 1 2 3 4 |  4.9
Dodging        | |  1.7
Stealth        | |  1.4
Spellcasting   | |  3.6
Summonings     | |  0.8
Translocations | |  0.8

Action                   |  1- 3 |  4- 6 || total
-------------------------+-------+-------++-------
Melee: Short sword       |    88 |    81 ||   169
 Cast: Magic Dart        |    90 |   128 ||   218
       Mephitic Cloud    |     2 |       ||     2
       Conjure Flame     |       |     3 ||     3
  Use: Scroll            |       |     6 ||     6
 Stab: Confused          |     2 |       ||     2
  Eat: Chunk             |     4 |     7 ||    11
       Ration            |       |     1 ||     1
Armor: Robe              |    31 |    36 ||    67
Dodge: Dodged            |    63 |    59 ||   122

Table legend:
 A = Spawn XP
 B = Non-spawn XP
 C = Spawn XP percentage of total XP
 D = Spawn monster count
 E = Non-spawn monster count
 F = Spawn count percentage of total count
 G = Total turns spent on level
                    A         B        C        D         E        F      G
               +---------+---------+-------+---------+---------+-------+---------
         Total |       0 |     275 |   0.0 |       0 |      94 |   0.0 |  5104
               +---------+---------+-------+---------+---------+-------+---------
           D:1 |       0 |     104 |   0.0 |       0 |      40 |   0.0 |  2072
           D:2 |       0 |     114 |   0.0 |       0 |      35 |   0.0 |  1666
           D:3 |       0 |      57 |   0.0 |       0 |      19 |   0.0 |  1333
               +---------+---------+-------+---------+---------+-------+---------

Vault maps used:
D:1:      ncdulo_smallfort
D:2:      marbit_many_paths, first_ration, uniq_robin, uniq_terence
D:3:      elyvilon_altar_3, lemuel_crystal_altar, grunt_temple_overflow_diamond
D:4:      tso_altar, nicolae_ossuary_entry_giza, abandoned_shop, uniq_grinder
